 Dungeon Crawl Stone Soup version 0.28.0-45-g0d030f2227 (webtiles) character file.

Game seed: 9720395735553503749

1221 xMax the Skirmisher (level 8, -5/106 HPs)
             Began as a Minotaur Berserker on Apr 1, 2022.
             Was a Believer of Trog.
             Slain by a yak (7 damage)
             ... on level 8 of the Dungeon.
             The game lasted 00:20:42 (3752 turns).

xMax the Skirmisher (Minotaur Berserker)            Turns: 3752, Time: 00:20:42

Health: -5/106     AC: 24    Str: 21 (23) XL:     8   Next: 23%
Magic:  7/7        EV:  2    Int:  2 (4)  God:    Trog [**....]
Gold:   160        SH:  0    Dex: 10 (11) Spells: 7/7 levels left

rFire   . . .      SeeInvis .   s - +4 falchion
rCold   . . .      Faith    .   (no shield)
rNeg    . . .      Spirit   .   (armour currently unavailable)
rPois   +          Reflect  .   (helmet currently unavailable)
rElec   .          Harm     .   (cloak currently unavailable)
rCorr   .          Rampage  .   (gloves currently unavailable)
Will    .....      NoTele   +   (boots currently unavailable)
Stlth   +.........              (no amulet)
HPRegen 0.27/turn               (no ring)
MPRegen 0.10/turn               (no ring)

@: tree-form
A: stationary, stasis, torment immunity, boosted hp, (horns 2), (retaliatory
headbutt)
a: Renounce Religion, Berserk, Trog's Hand


You were on level 8 of the Dungeon.
You worshipped Trog.
Trog was pleased with you.
You were a tree.
You visited 1 branch of the dungeon, and saw 8 of its levels.

You collected 160 gold pieces.

Inventory:

Hand Weapons
 d - a +1 whip of electrocution
 h - a +2 quarterstaff of chaos
 j - a +0 mace of protection
 m - a +1 vampiric trident
 q - a +3 dagger of venom
 s - a +4 falchion (weapon)
Missiles
 c - 3 boomerangs
 k - 64 stones (quivered)
 p - 28 arrows
 t - 13 boomerangs of dispersal
Armour
 e - a +0 pair of boots (melded)
 o - a +0 plate armour (melded)
 r - a +0 scale mail
Wands
 n - a wand of iceblast (5)
Scrolls
 f - 2 scrolls of identify
 g - 3 scrolls of teleportation
 i - a scroll of noise
Potions
 a - a potion of lignification
 l - a potion of haste


   Skills:
 + Level 6.4 Fighting
 + Level 4.5 Long Blades
 + Level 5.2(5.5) Axes
 + Level 2.3(4.9) Maces & Flails
 + Level 4.1(4.4) Staves
 + Level 0.2 Throwing
 + Level 5.8 Armour
 + Level 4.3 Dodging
 + Level 0.2 Stealth


You had 7 spell levels left.
You didn't know any spells.
Your spell library was empty.

Dungeon Overview and Level Annotations

Branches:
Dungeon (8/15)
 Temple: D:4-7         Lair: D:8-11

Altars:


Innate Abilities, Weirdness & Mutations

You are a tree.
Your roots penetrate the ground, keeping you stationary.
You cannot be teleported.
You are immune to unholy pain and torment.
Your maximum health is greatly increased.
Your equipment is partially melded.
((You have a pair of horns on your head.))
((You reflexively headbutt those who attack you in melee.))


Message History

There was something very wrong with that liquid.
You feel weakened.
You feel dopey.
You feel clumsy.
The yak gores you but does no damage. x2
You cannot teleport because you are held in place by your roots.
It was a potion of curing.
You feel better. The yak gores you but does no damage. The yak gores you.
* * * LOW HITPOINT WARNING * * *
Aiming: Iceblast
Press: ? - help, Shift-Dir - straight line, f - yak
Aim: a yak (severely wounded)
Okay, then.
You slash the yak!
The yak is almost dead.
The yak gores you.
* * * LOW HITPOINT WARNING * * *
The yak gores you but does no damage.
You cannot teleport because you are held in place by your roots.
Aiming: Iceblast
Press: ? - help, Shift-Dir - straight line, f - yak
Aim: a yak (almost dead)
Okay, then.
You hit the yak.
The yak is almost dead.
The yak gores you.
* * * LOW HITPOINT WARNING * * *
The yak gores you but does no damage.
You hit the yak but do no damage.
The yak is almost dead.
The yak gores you but does no damage. x2
You barely miss the yak.
The yak is almost dead.
The yak gores you.
* * * LOW HITPOINT WARNING * * *
The yak gores you.
* * * LOW HITPOINT WARNING * * *
You hit the yak.
The yak is almost dead.
The yak snorts and paws the ground.
The yak gores you!
You die...

#####
...#######
.Y.....>#
#YY......
########Y#
...?...Y♣#
##########


You could see 5 yaks.

Vanquished Creatures
  Sigmund (D:5)
  A yak (D:8)
  2 water moccasins
  A sky beast (D:6)
  An ice beast (D:6)
  An orc warrior (D:7)
  A kobold brigand (D:7)
  A bullfrog (D:6)
  A scorpion (D:7)
  Crazy Yiuf (D:2)
  2 jellies (D:6)
  A hound (D:6)
  2 iguanas
  A howler monkey zombie (D:6)
  3 adders
  A shadow imp (D:6)
  A worm (D:5)
  A dart slug (D:1)
  13 orcs
  2 ball pythons
  An endoplasm (D:3)
  A giant cockroach (D:3)
  3 hobgoblins (D:1)
  A frilled lizard (D:1)
  2 goblins (D:1)
  9 kobolds
  A rat (D:1)
56 creatures vanquished.

Vanquished Creatures (others)
  3 plants (D:2)
3 creatures vanquished.

Grand Total: 59 creatures vanquished

Notes
Turn   | Place    | Note
-------+----------+-------------------------------------------
     0 | D:1      | xMax the Minotaur Berserker began the quest for the Orb.
     0 | D:1      | Reached XP level 1. HP: 19/19 MP: 0/0
   231 | D:1      | Reached skill level 4 in Fighting
   231 | D:1      | Reached XP level 2. HP: 26/27 MP: 1/1
   625 | D:2      | Found a runed translucent door.
   626 | D:2      | Noticed Crazy Yiuf
   632 | D:2      | Killed Crazy Yiuf
   633 | D:2      | Reached XP level 3. HP: 21/34 MP: 2/2
  1081 | D:5      | Entered Level 5 of the Dungeon
  1152 | D:5      | Noticed Sigmund
  1161 | D:5      | Killed Sigmund
  1162 | D:5      | Reached skill level 5 in Fighting
  1162 | D:5      | Reached skill level 1 in Maces & Flails
  1162 | D:5      | Reached skill level 1 in Staves
  1162 | D:5      | Reached XP level 4. HP: 27/42 MP: 3/3
  1162 | D:5      | Reached XP level 5. HP: 30/48 MP: 4/4
  1299 | D:5      | Reached ** piety under Trog
  1417 | D:6      | Noticed a sky beast
  1418 | D:6      | Reached skill level 5 in Axes
  1418 | D:6      | Reached XP level 6. HP: 22/56 MP: 5/5
  1433 | D:6      | Killed a sky beast
  1991 | D:6      | Noticed a sky beast
  2171 | D:6      | Noticed a water moccasin
  2175 | D:6      | Killed a water moccasin
  2176 | D:6      | Reached XP level 7. HP: 47/62 MP: 6/6
  2558 | D:6      | Reached skill level 6 in Fighting
  2558 | D:6      | Reached skill level 1 in Long Blades
  2953 | D:7      | Reached skill level 5 in Armour
  3426 | D:7      | Reached XP level 8. HP: 45/70 MP: 7/7
  3749 | D:8      | HP: 3/106 [yak (4)]
  3752 | D:8      | Slain by a yak

Illustrated notes

Levels and vault maps discovered:
D:1:      lightli_arrival_statue_moat, layout_basic
D:2:      layout_loops_ring, serial_bayou, serial_bayou_pond_d,
          serial_bayou_ford_a, serial_bayou_pond_e, serial_bayou_pond_d,
          kennysheep_big_empty_room, uniq_crazy_yiuf_cottage
D:3:      layout_basic, ebering_ecumenical_altar_webs
D:4:      layout_rooms, minmay_misc_feat_ornament
D:5:      layout_basic, minmay_temple_entry_butterflies,
          chequers_serial_rivers_micro_b, uniq_sigmund, uniq_eustachio,
          uniq_pikel
D:6:      layout_rooms, mainiacjoe_overflow_big_doors
D:7:      layout_basic, minmay_unpleasant_kobolds, uniq_joseph, uniq_menkaure
D:8:      layout_basic, chequers_arboretum, minmay_liquid_box, hex_medium,
          nrook_loot_triangle, lemuel_flamethrower_2

Skill      XL: |  1  2  3  4  5  6  7  8 |
---------------+-------------------------+-----
Fighting       | 4 5 6 |  6.4
Axes           | 4 5 |  5.2
Armour         | 3 4 5 |  5.8
Maces & Flails | 1 2 |  2.3
Staves         | 1 2 4 |  4.1
Dodging        | 3 4 |  4.3
Long Blades    | 3 4 |  4.5
Throwing       | |  0.2
Stealth        | |  0.2

Action                   |  1- 3 |  4- 6 |  7- 9 || total
-------------------------+-------+-------+-------++-------
Melee: Whip              |    26 |       |       ||    26
       Hand axe          |     5 |       |       ||     5
       Headbutt          |     7 |    10 |    16 ||    33
       Quarterstaff      |    11 |    50 |       ||    61
       Falchion          |       |     5 |    85 ||    90
       Punch             |       |     1 |     3 ||     4
Throw: Stone             |       |     1 |       ||     1
       Boomerang         |       |       |     1 ||     1
  Use: Scroll            |       |     3 |       ||     3
       Potion            |       |       |     3 ||     3
Armor: Scale mail        |    11 |    28 |    11 ||    50
       Plate armour      |       |       |    28 ||    28
       Skin              |       |       |     8 ||     8
Dodge: Dodged            |    14 |    25 |    42 ||    81
